AoeStats
← Perro178

Migration

509733527Analyzed
1v1 RM · 6d ago on Sep 27, 2026· 54m 11s· 2 players
Game mode
Random Map
Map size
132×132
Population
200
Speed
Normal
Resources
Standard
Victory
Conquest
Starting age
Dark Age
Ending age
Imperial Age
RankedLock teamsTeams togetherTeam positionsShared explorationLock speedFull tech treeHidden civsTurbo modeCheats
Victory
Defeat
🇨🇱 Khmer · Chile
580
+16
🇨🇱 Byzantines · Chile
586
-16
josemanumv24
15:37 Feudal Age
16:06 Fishing Lines
16:12 Horse Collar
16:19 Double-Bit Axe
16:26 Gold Mining
16:29 Stone Mining
17:16 Wheelbarrow
19:31 Bloodlines
20:30 Scale Barding Armor
20:36 Forging
23:52 Castle Age
23:59 Light Cavalry
24:45 Heavy Plow
24:58 Bow Saw
25:05 Hand Cart
25:29 Stone Shaft Mining
26:26 Iron Casting
25:52 Gillnets
30:16 Gold Shaft Mining
40:26 Tusk Swords
43:28 Chain Barding Armor
47:41 Imperial Age
45:42 Ballistics
47:47 Heavy Scorpion
48:30 Double Crossbow
49:36 Chemistry
48:43 Siege Engineers
48:32 Capped Ram
50:09 Crop Rotation
50:42 Elite Cannon Galleon
Perro178
12:57 Feudal Age
14:03 Double-Bit Axe
14:16 Horse Collar
15:44 Gold Mining
23:28 Castle Age
21:22 Fletching
21:46 Stone Mining
22:06 Padded Archer Armor
24:25 Medium Warships
24:52 Bow Saw
24:46 Heavy Plow
25:03 Leather Archer Armor
24:44 Bodkin Arrow
24:34 Pikeman
36:54 Crossbowman
41:10 Elite Skirmisher
45:32 Loom
50:01 Imperial Age
Connection lost

Rejoining the realm…

Still unreachable

The connection could not be restored.

Session expired

The server has moved on; the page needs a fresh start.